 Dungeon Sprint DCSS version 0.16.1-18-g436b03c (webtiles) character file.

13100000 Vrock the Axe Maniac (level 27, -41/199 HPs)
             Began as a Gargoyle Gladiator on May 16, 2015.
             Was the Champion of Makhleb.
             Annihilated by a meat berserker
             ... wielding a +9 battleaxe
              (63 damage)
             ... in the Dungeon (Sprint VIII: "Arena of Blood").
             The game lasted 00:07:48 (131 turns).

Vrock the Axe Maniac (Gargoyle Gladiator)            Turns: 131, Time: 00:07:48

Health: -41/199    AC: 29    Str: 29    XL:     27
Magic:  43/49      EV: 24    Int: 12    God:    Makhleb [******]
Gold:   0          SH:  0    Dex: 10    Spells: 0 memorised, 80 levels left

rFire  . . .     SeeInvis .     l - +∞ Axe of Woe
rCold  . . .     Clarity  .     b - +0 leather armour
rNeg   + . .     SustAb   .     (no shield)
rPois  ∞         Gourm    .     c - +0 helmet
rElec  +         Spirit   .     (no cloak)
rCorr  .         Warding  .     (no gloves)
rMut   .         NoTele   +     (no boots)
MR     ++...                    (no amulet)
Stlth  +++++++++.               (no ring)
                                (no ring)

@: hasted and slowed, very resistant to hostile enchantments, incredibly
stealthy
A: able to fly continuously, big wings, negative energy resistance 1,
electricity resistance, unbreathing, petrification resistance, rot immunity, AC
+20
a: Fly, Minor Destruction, Lesser Servant of Makhleb, Major Destruction, Greater
Servant of Makhleb, Renounce Religion


You were in the Dungeon.
You worshipped Makhleb.
Makhleb was exalted by your worship.
You were not hungry.

You visited 1 branch

Inventory:

Hand weapons
 a - a +0 war axe
 l - the +∞ Axe of Woe (weapon)
   (You found it in the Dungeon)
Missiles
 d - 3 throwing nets (quivered)
Armour
 b - a +0 leather armour (worn)
 c - a +0 helmet (worn)
Scrolls
 k - a scroll of blinking
Potions
 e - a potion of curing
 g - a potion of heal wounds
 i - 2 potions of magic
 j - a potion of berserk rage
Comestibles
 f - a bread ration


   Skills:
 O Level 27 Fighting
 O Level 27 Axes
 O Level 27 Throwing
 O Level 27 Armour
 O Level 27 Dodging
 O Level 27 Stealth
 O Level 27 Unarmed Combat
 O Level 27 Spellcasting
 O Level 27 Invocations


You had 80 spell levels left.
You didn't know any spells.

Dungeon Overview and Level Annotations

Branches:
Dungeon (1/1)

Altars:
Makhleb


Innate Abilities, Weirdness & Mutations

You are resistant to torment.
You are immune to poison.
You can fly continuously.
Your stone body is very resilient (AC +20).
Your wings are large and strong.
You resist negative energy.
You are resistant to electric shocks.
You can survive without breathing.
You are immune to petrification.
You are immune to rotting.


Message History

The meat berserker rages.
The accursed casts a spell at you. Something smites you!
* * * LOW HITPOINT WARNING * * *
The eight-headed meat hydra calls on the powers of darkness!
The eight-headed meat hydra convulses!
The scourge convulses!
The meat berserker convulses!
Your body is wracked with pain!
* * * LOW HITPOINT WARNING * * *
You hear a shout!
The scourge is engulfed in poison gas.
The scourge looks even sicker.
You hear a shout!
Some corpses begin to drag themselves along the ground!
Some corpses meld into agglomerations of writhing flesh!
You hear a shout! x2
The fleshlord casts a spell at you.
You feel as though you will be slow longer.
The fleshlord points at you and mumbles some strange words.
You barely resist.
The meat berserker hits you with a +9 battleaxe!!!
You die...

##........ ...
..........##.##.##
.......)).........
...####))x..##.##.
..p#....x))........
.....#..))x)O%..#.#
..%..#†)S)..........
###...#pXp.......%..
##%.....#§@p)x..%.M..
.......%)xxxOW)........
..#..%.p§§xx.)..zo....
....#%%.)S§).#%..Do..#.
...%..#.§))X#.).o...#
...#....x.###)......###.
........§.....)###......
.....D#.....).._......
...#.....%.#.)...#...


You could see an accursed, 2 eight-headed meat hydras, 2 scourges, 4 fleshlords,
a sculptor of flesh, 2 large abominations, a dread, 2 meat berserkers, 4 small
abominations and 3 bags of meat.

Vanquished Creatures
  Harold (D)
  A great orb of eyes (D)
  A greater mummy (D)
  10 hell beasts (D)
  7 hill giants (D)
  9 hydras (D)
  11 liches (D)
  30 ogres (D)
  79 orcs (D)
  2 phantoms (D)
  3 skeletal warriors (D)
  11 vampire knights (D)
  5 wraiths (D)
  2 tentacled monstrosities (D)
  A reaper (D)
  23 large abominations (D)
  8 small abominations (D)
  2 crawling corpses (D)
206 creatures vanquished.

Vanquished Creatures (others)
  An orc (D)
  3 crawling corpses (D)
4 creatures vanquished.

Grand Total: 210 creatures vanquished

Notes
Turn   | Place    | Note
--------------------------------------------------------------
     0 | D        | Vrock, the Gargoyle Gladiator, began the quest for the Orb.
     0 | D        | Reached XP level 1. HP: 12/12 MP: 1/1
     2 | D        | Noticed a bag of meat
     4 | D        | Became a worshipper of Makhleb the Destroyer
     5 | D        | Noticed a bag of meat
     6 | D        | Killed a bag of meat
     6 | D        | Reached skill level 11 in Fighting
     6 | D        | Reached skill level 15 in Axes
     6 | D        | Reached XP level 2. HP: 14/29 MP: 2/2
     6 | D        | Reached XP level 3. HP: 16/34 MP: 3/3
     6 | D        | Reached XP level 4. HP: 18/40 MP: 4/4
     6 | D        | Reached XP level 5. HP: 19/44 MP: 5/5
     6 | D        | Reached XP level 6. HP: 21/49 MP: 6/6
     6 | D        | Reached XP level 7. HP: 23/54 MP: 7/7
     6 | D        | Reached XP level 8. HP: 25/60 MP: 8/8
     6 | D        | Reached XP level 9. HP: 26/64 MP: 9/9
     6 | D        | Reached XP level 10. HP: 28/69 MP: 10/10
     6 | D        | Reached XP level 11. HP: 30/74 MP: 11/11
     7 | D        | Noticed a bag of meat
     7 | D        | Noticed a bag of meat
     7 | D        | Noticed a bag of meat
     8 | D        | Noticed a bag of meat
    10 | D        | Killed a bag of meat
    10 | D        | Acquired Makhleb's first power
    10 | D        | Reached skill level 18 in Axes
    10 | D        | Reached skill level 10 in Throwing
    10 | D        | Reached XP level 12. HP: 79/82 MP: 12/12
    11 | D        | Noticed a bag of meat
    11 | D        | Killed a bag of meat
    11 | D        | Reached skill level 19 in Axes
    11 | D        | Reached XP level 13. HP: 83/89 MP: 13/13
    11 | D        | Killed a bag of meat
    11 | D        | Acquired Makhleb's second power
    11 | D        | Reached skill level 20 in Axes
    11 | D        | Gained mutation: Your wings are large and strong. [gargoyle growth]
    11 | D        | Reached XP level 14. HP: 87/96 MP: 14/14
    13 | D        | Noticed a bag of meat
    13 | D        | Noticed a bag of meat
    13 | D        | Noticed a bag of meat
    14 | D        | Noticed a bag of meat
    14 | D        | Killed a bag of meat
    14 | D        | Reached skill level 15 in Fighting
    14 | D        | Reached skill level 21 in Axes
    14 | D        | Killed a bag of meat
    14 | D        | Acquired Makhleb's third power
    14 | D        | Reached skill level 22 in Axes
    14 | D        | Reached XP level 15. HP: 103/105 MP: 15/15
    15 | D        | Noticed a meat berserker
    15 | D        | Noticed a large bag of meat
    15 | D        | Noticed a bag of meat
    16 | D        | Noticed a large bag of meat
    16 | D        | Noticed a bag of meat
    16 | D        | Noticed a bag of meat
    17 | D        | Noticed a bag of meat
    17 | D        | Noticed a meat berserker
    17 | D        | Killed a bag of meat
    17 | D        | Reached skill level 23 in Axes
    17 | D        | Killed a bag of meat
    17 | D        | Reached skill level 24 in Axes
    17 | D        | Reached skill level 1 in Armour
    18 | D        | Noticed a meat berserker
    18 | D        | Noticed a meat berserker
    19 | D        | Noticed a bag of meat
    19 | D        | Noticed a meat berserker
    19 | D        | Killed a bag of meat
    19 | D        | Acquired Makhleb's fourth power
    19 | D        | Reached skill level 15 in Throwing
    19 | D        | Reached XP level 16. HP: 113/115 MP: 16/16
    19 | D        | Killed a bag of meat
    19 | D        | Reached skill level 25 in Axes
    20 | D        | Noticed a bag of meat
    20 | D        | Noticed a bag of meat
    20 | D        | Killed a meat berserker
    20 | D        | Reached skill level 26 in Axes
    20 | D        | Killed a meat berserker
    20 | D        | Acquired Makhleb's fifth power
    21 | D        | Noticed a bag of meat
    21 | D        | Killed a bag of meat
    21 | D        | Reached skill level 27 in Axes
    21 | D        | Reached XP level 17. HP: 121/126 MP: 17/17
    21 | D        | Killed a large bag of meat
    22 | D        | Noticed a destroyer
    22 | D        | Killed a meat berserker
    22 | D        | Reached skill level 5 in Armour
    22 | D        | Killed a meat berserker
    22 | D        | Reached skill level 27 in Dodging
    22 | D        | Killed a meat berserker
    22 | D        | Reached XP level 18. HP: 137/141 MP: 18/18
    23 | D        | Noticed a bag of meat
    23 | D        | Noticed a bag of meat
    24 | D        | Noticed a large bag of meat
    24 | D        | Killed a large bag of meat
    24 | D        | Killed a bag of meat
    24 | D        | Reached skill level 27 in Fighting
    24 | D        | Killed a destroyer
    24 | D        | Reached skill level 10 in Armour
    25 | D        | Noticed a bag of meat
    25 | D        | Noticed a bag of meat
    25 | D        | Noticed a bag of meat
    25 | D        | Noticed a bag of meat
    26 | D        | Noticed a bag of meat
    26 | D        | Killed a bag of meat
    26 | D        | Killed a bag of meat
    26 | D        | Reached XP level 19. HP: 151/151 MP: 18/18
    27 | D        | Noticed a bag of meat
    27 | D        | Killed a bag of meat
    27 | D        | Reached skill level 27 in Throwing
    28 | D        | Killed a bag of meat
    28 | D        | Killed a bag of meat
    29 | D        | Noticed a large bag of meat
    29 | D        | Noticed a bag of meat
    30 | D        | Noticed The Servant
    30 | D        | Noticed a meat berserker
    30 | D        | Killed a bag of meat
    31 | D        | Noticed a bag of meat
    31 | D        | Noticed a destroyer
    31 | D        | Noticed a large bag of meat
    31 | D        | Noticed a meat berserker
    31 | D        | Killed a bag of meat
    31 | D        | Reached skill level 27 in Armour
    31 | D        | Killed a bag of meat
    31 | D        | Reached XP level 20. HP: 157/157 MP: 18/31
    32 | D        | Noticed a meat berserker
    32 | D        | Noticed a meat berserker
    32 | D        | Killed a bag of meat
    32 | D        | Reached skill level 10 in Invocations
    32 | D        | Killed a large bag of meat
    32 | D        | Reached skill level 10 in Spellcasting
    32 | D        | Killed a bag of meat
    33 | D        | Noticed a meat berserker
    33 | D        | Noticed a bag of meat
    33 | D        | Noticed a destroyer
    34 | D        | Noticed a meat berserker
    34 | D        | Killed a bag of meat
    34 | D        | Reached skill level 15 in Invocations
    34 | D        | Killed a large bag of meat
    34 | D        | Reached skill level 15 in Unarmed Combat
    34 | D        | Killed a bag of meat
    35 | D        | Noticed a bag of meat
    35 | D        | Noticed a large bag of meat
    35 | D        | Killed a bag of meat
    35 | D        | Reached skill level 15 in Spellcasting
    35 | D        | Reached XP level 21. HP: 163/163 MP: 18/41
    35 | D        | Killed a bag of meat
    36 | D        | Noticed a sculptor of flesh
    36 | D        | Noticed a bag of meat
    36 | D        | Killed a meat berserker
    36 | D        | Killed a meat berserker
    36 | D        | Killed a meat berserker
    36 | D        | Killed a bag of meat
    37 | D        | Noticed a bag of meat
    37 | D        | Noticed a bag of meat
    37 | D        | Killed a meat berserker
    37 | D        | Killed a destroyer
    37 | D        | Reached XP level 22. HP: 169/169 MP: 19/44
    38 | D        | Noticed a meat berserker
    38 | D        | Noticed a bag of meat
    39 | D        | Noticed a bag of meat
    39 | D        | Noticed a bag of meat
    39 | D        | Noticed a bag of meat
    39 | D        | Killed a bag of meat
    39 | D        | Killed a destroyer
    40 | D        | Noticed a bag of meat
    40 | D        | Killed a meat berserker
    40 | D        | Reached skill level 27 in Stealth
    40 | D        | Killed a meat berserker
    41 | D        | Noticed a destroyer
    41 | D        | Noticed a bag of meat
    41 | D        | Noticed a bag of meat
    41 | D        | Killed a large bag of meat
    41 | D        | Reached skill level 27 in Invocations
    41 | D        | Killed a bag of meat
    42 | D        | Noticed a bag of meat
    42 | D        | Noticed a bag of meat
    42 | D        | Noticed a sculptor of flesh
    42 | D        | Noticed a bag of meat
    43 | D        | Noticed a meat berserker
    43 | D        | Killed The Servant
    43 | D        | Reached skill level 27 in Unarmed Combat
    43 | D        | Reached XP level 23. HP: 175/175 MP: 20/47
    44 | D        | Killed a bag of meat
    44 | D        | Reached skill level 27 in Spellcasting
    44 | D        | Killed a bag of meat
    44 | D        | Killed a large bag of meat
    44 | D        | Killed a bag of meat
    45 | D        | Noticed a destroyer
    45 | D        | Noticed a destroyer
    45 | D        | Noticed a bag of meat
    45 | D        | Noticed a bag of meat
    45 | D        | Killed a sculptor of flesh
    45 | D        | Killed a meat berserker
    46 | D        | Noticed a meat berserker
    46 | D        | Noticed a meat berserker
    48 | D        | Noticed a tyrant
    48 | D        | Noticed a destroyer
    48 | D        | Killed a bag of meat
    48 | D        | Killed a bag of meat
    48 | D        | Killed a bag of meat
    48 | D        | Reached XP level 24. HP: 181/181 MP: 21/48
    48 | D        | Killed a destroyer
    50 | D        | Noticed a tyrant
    50 | D        | Noticed a bag of meat
    50 | D        | Killed a destroyer
    50 | D        | Killed a bag of meat
    50 | D        | Killed a bag of meat
    50 | D        | Noticed a destroyer
    51 | D        | Noticed a bag of meat
    51 | D        | Killed a destroyer
    51 | D        | Killed a bag of meat
    52 | D        | Noticed a destroyer
    52 | D        | Killed a tyrant
    53 | D        | Noticed a bag of meat
    53 | D        | Noticed a tyrant
    53 | D        | Killed a meat berserker
    53 | D        | Killed a bag of meat
    53 | D        | Killed a meat berserker
    53 | D        | Reached XP level 25. HP: 187/187 MP: 23/49
    54 | D        | Noticed a bag of meat
    54 | D        | Noticed a bag of meat
    55 | D        | Killed a sculptor of flesh
    55 | D        | Killed a destroyer
    55 | D        | Killed a destroyer
    55 | D        | Killed a bag of meat
    56 | D        | Noticed a bag of meat
    56 | D        | Noticed a meat berserker
    57 | D        | Noticed a tyrant
    58 | D        | Noticed a meat berserker
    58 | D        | Noticed a bag of meat
    58 | D        | Killed a tyrant
    58 | D        | Killed a bag of meat
    58 | D        | Noticed a tyrant
    59 | D        | Noticed a large bag of meat
    59 | D        | Noticed a bag of meat
    59 | D        | Noticed a meat berserker
    59 | D        | Killed a destroyer
    59 | D        | Killed a meat berserker
    60 | D        | Noticed a bag of meat
    60 | D        | Noticed a bag of meat
    60 | D        | Noticed a bag of meat
    60 | D        | Killed a meat berserker
    60 | D        | Reached XP level 26. HP: 193/193 MP: 24/49
    60 | D        | Killed a bag of meat
    60 | D        | Killed a bag of meat
    61 | D        | Noticed a meat beast
    61 | D        | Noticed a bag of meat
    61 | D        | Noticed a bag of meat
    61 | D        | Noticed a bag of meat
    61 | D        | Killed a tyrant
    61 | D        | Killed a bag of meat
    62 | D        | Noticed a bag of meat
    62 | D        | Killed a bag of meat
    62 | D        | Killed a meat berserker
    63 | D        | Noticed a bag of meat
    63 | D        | Killed a bag of meat
    63 | D        | Killed a bag of meat
    63 | D        | Killed a meat beast
    64 | D        | Noticed a bag of meat
    64 | D        | Noticed a meat berserker
    64 | D        | Killed a tyrant
    64 | D        | Killed a bag of meat
    64 | D        | Reached XP level 27. HP: 199/199 MP: 25/49
    64 | D        | Killed a meat berserker
    65 | D        | Killed a bag of meat
    65 | D        | Killed a bag of meat
    66 | D        | Noticed a bag of meat
    66 | D        | Noticed a dread
    67 | D        | Noticed a bag of meat
    67 | D        | Noticed a dread
    67 | D        | Noticed a dread
    67 | D        | Killed a bag of meat
    67 | D        | Killed a large bag of meat
    68 | D        | Noticed a destroyer
    68 | D        | Killed a tyrant
    68 | D        | Killed a bag of meat
    69 | D        | Killed a bag of meat
    69 | D        | Killed a bag of meat
    70 | D        | Noticed a bag of meat
    70 | D        | Noticed a meat berserker
    70 | D        | Killed a bag of meat
    70 | D        | Killed a bag of meat
    70 | D        | Killed a bag of meat
    73 | D        | Noticed a meat beast
    73 | D        | Noticed a bag of meat
    73 | D        | Killed a bag of meat
    73 | D        | Killed a bag of meat
    73 | D        | Killed a bag of meat
    75 | D        | Killed a dread
    75 | D        | Killed a dread
    75 | D        | Killed a meat berserker
    75 | D        | Killed a meat beast
    75 | D        | Killed a meat berserker
    75 | D        | Killed a destroyer
    75 | D        | Killed a bag of meat
    76 | D        | Noticed a meat berserker
    77 | D        | Noticed a meat beast
    77 | D        | Noticed a meat berserker
    77 | D        | Killed a bag of meat
    77 | D        | Killed a meat beast
    77 | D        | Killed a dread
    79 | D        | Noticed a dread
    79 | D        | Noticed a dread
    79 | D        | Noticed a bag of meat
    80 | D        | Killed a meat berserker
    80 | D        | Killed a bag of meat
    80 | D        | Killed a meat berserker
    82 | D        | Noticed a meat beast
    82 | D        | Killed a bag of meat
    83 | D        | Killed a bag of meat
    84 | D        | Noticed a meat beast
    84 | D        | Noticed a meat beast
    84 | D        | Killed a dread
    84 | D        | Killed a meat beast
    85 | D        | Noticed a meat berserker
    85 | D        | Noticed a meat berserker
    85 | D        | Noticed a bag of meat
    86 | D        | Noticed a meat berserker
    87 | D        | Noticed a bag of meat
    87 | D        | Killed a dread
    87 | D        | Killed a meat beast
    87 | D        | Killed a meat beast
    87 | D        | Killed a bag of meat
    87 | D        | Killed a bag of meat
    89 | D        | Killed a meat berserker
    90 | D        | Noticed a bag of meat
    90 | D        | Killed a bag of meat
    90 | D        | Killed a meat berserker
    91 | D        | Noticed a meat berserker
    91 | D        | Noticed a meat berserker
    91 | D        | Noticed a meat beast
    92 | D        | Noticed a meat beast
    92 | D        | Noticed a bag of meat
    92 | D        | Killed a meat berserker
    93 | D        | Noticed an accursed
    93 | D        | Noticed a bag of meat
    93 | D        | Killed a wretched soul
    94 | D        | Noticed a sculptor of flesh
    94 | D        | Noticed a meat beast
    95 | D        | Noticed a meat berserker
    95 | D        | Killed a meat beast
    95 | D        | Killed a bag of meat
    95 | D        | Killed a meat berserker
    96 | D        | Noticed a bag of meat
    96 | D        | Noticed a bag of meat
    96 | D        | Noticed a tyrant
    97 | D        | Noticed a bag of meat
    97 | D        | Noticed a tyrant
    97 | D        | Noticed a tyrant
    99 | D        | Killed a meat berserker
    99 | D        | Killed a bag of meat
   101 | D        | Noticed a bag of meat
   101 | D        | Killed a wretched soul
   101 | D        | Killed a bag of meat
   102 | D        | Killed an accursed
   102 | D        | Killed a bag of meat
   103 | D        | Noticed a tyrant
   103 | D        | Noticed a tyrant
   103 | D        | Noticed a bag of meat
   103 | D        | Killed a meat beast
   103 | D        | Killed a sculptor of flesh
   104 | D        | Noticed a meat beast
   105 | D        | Killed an observer
   106 | D        | Noticed a meat berserker
   107 | D        | Killed a tyrant
   108 | D        | Killed a bag of meat
   108 | D        | Killed a bag of meat
   109 | D        | Noticed a meat berserker
   110 | D        | Killed a tyrant
   110 | D        | Killed a bag of meat
   110 | D        | Killed a meat beast
   111 | D        | Killed a tyrant
   111 | D        | Killed a bag of meat
   112 | D        | Noticed a destroyer
   114 | D        | Killed a tyrant
   115 | D        | Noticed a tyrant
   116 | D        | Killed a bag of meat
   116 | D        | Killed a destroyer
   116 | D        | Killed a meat berserker
   117 | D        | Killed a tyrant
   118 | D        | Noticed a bag of meat
   120 | D        | Killed a meat berserker
   122 | D        | Killed a tyrant
   122 | D        | Killed a bag of meat
   122 | D        | Killed a meat beast
   123 | D        | Noticed a bag of meat
   125 | D        | Noticed a fleshlord
   125 | D        | Noticed a dread
   126 | D        | Noticed a fleshlord
   126 | D        | Noticed a fleshlord
   126 | D        | Killed a meat berserker
   126 | D        | Killed a bag of meat
   129 | D        | Noticed a meat berserker
   129 | D        | Noticed a fleshlord
   129 | D        | Killed a bag of meat
   130 | D        | Noticed a bag of meat
   131 | D        | Noticed a sculptor of flesh
   131 | D        | Noticed an accursed
   131 | D        | Noticed a bag of meat
   131 | D        | Noticed a meat berserker
   131 | D        | Annihilated by a meat berserker

Action                   |  1- 3 |  4- 6 |  7- 9 | 10-12 | 13-15 | 16-18 | 19-21 | 22-24 | 25-27 || total
-------------------------+-------+-------+-------+-------+-------+-------+-------+-------+-------++-------
Melee: Executioner's axe |     1 |       |       |     2 |     3 |     5 |     9 |    11 |    45 ||    76
  Use: Potion            |       |       |       |       |       |       |       |       |     1 ||     1
